 Dungeon Crawl Stone Soup version 0.30-a0-591-g3c58d2bc28 (webtiles) character file.

Game seed: 1449785174737554120

3574 Newt the Fighter (level 9, -4/78 HPs)
             Began as a Demonspawn Gladiator on Jan 4, 2023.
             Was a Priest of Okawaru.
             Succumbed to a kobold brigand's curare-tipped dart
             ... in a bailey.
             The game lasted 00:08:18 (5725 turns).

Newt the Fighter (Demonspawn Gladiator)             Turns: 5725, Time: 00:08:19

Health: -4/78      AC: 29    Str: 20    XL:     9   Next: 84%
Magic:  9/9        EV:  4    Int:  9    God:    Okawaru [***...]
Gold:   203        SH:  0    Dex: 16    Spells: 8/8 levels left

rFire   + . .      SeeInvis +    B - +9 flail "Westrolo" {freeze, *Corrode rN+ Str+2}
rCold   . . .      Faith    +    (no shield)
rNeg    + . .      Spirit   .    r - +2 crystal plate armour
rPois   +          Reflect  .    (helmet restricted)
rElec   .          Harm     .    (no cloak)
rCorr   .          Rampage  .    (no gloves)
Will    .....                    (no boots) Stlth
                                 A - amulet of faith
HPRegen 0.33/turn                o - ring of protection from fire
MPRegen 0.22/turn                t - ring of see invisible

@: lethally poisoned (-4 -> -19), sanguine armoured, slowed, very slow
A: antennae 1, magic regeneration, sanguine armour 2, poison resistance
a: Renounce Religion, Heroism


You were in a bailey.
You worshipped Okawaru.
Okawaru was most pleased with you.
You visited 1 branch of the dungeon, and saw 7 of its levels.
You also visited: Bailey.

You collected 329 gold pieces.
You spent 126 gold pieces at shops.

Inventory:

Hand Weapons
 a - a +0 rapier
 y - a +2 sling of electrocution
 B - the +9 flail "Westrolo" (weapon) {freeze, *Corrode rN+ Str+2}
   (You took it off an orc on level 5 of the Dungeon)

   Str:       It affects your strength (+2).
   rN:        It protects you from negative energy.
   *Corrode:  It may corrode you when you take damage.
Missiles
 e - a javelin
 h - 2 poisoned darts (quivered)
Armour
 b - a +0 leather armour
 c - a +0 helmet
 r - a +2 crystal plate armour (worn)
Jewellery
 g - a +6 ring of intelligence
 m - a ring of fire
 o - a ring of protection from fire (left hand)
 t - a ring of see invisible (right hand)
 A - an amulet of faith (around neck)
Wands
 p - a wand of polymorph (30)
 q - a wand of flame (9)
 x - a wand of mindburst (3)
Scrolls
 d - 2 scrolls of blinking
 s - a scroll of identify
 u - 3 scrolls of teleportation
 v - a scroll of fog
 C - a scroll of silence
Potions
 f - a potion of attraction
 i - a potion of brilliance
 j - a potion of might
 k - a potion of resistance
 n - a potion of magic
 z - a potion of degeneration


   Skills:
 - Level 9.6 Fighting
 - Level 4.0 Short Blades
 - Level 8.7 Maces & Flails
 - Level 1.7 Throwing
 + Level 6.4 Armour
 - Level 2.6 Dodging
 - Level 2.0 Stealth
 - Level 5.0 Evocations


You had 8 spell levels left.
You didn't know any spells.
Your spell library contained the following spells:

 Spells                   Type           Power      Damage    Failure   Level
 Static Discharge         Conj/Air       0%         2-2/arc   100%        2
 Vhi's Electric Charge    Tloc/Air       0%         N/A       100%        3
 Arcjolt                  Conj/Air       0%         1d10      100%        5
 Lightning Bolt           Conj/Air       0%         1d11      100%        5


Dungeon Overview and Level Annotations

Branches:
Dungeon (7/15)             Bailey (1/1)
 Temple: D:4-7

Altars:
Fedhas
Makhleb
Okawaru
Uskayaw
Wu Jian

Shops:
D:7 *


Innate Abilities, Weirdness & Mutations

You have a pair of small antennae on your head.
You regenerate magic rapidly.
When seriously injured, your blood forms thick armour. (AC +9)
Your system is resistant to poisons. (rPois)


Message History

You are too injured to fight recklessly!
Okay, then.
As you read the scroll of fear, it crumbles to dust.
You assume a fearsome visage.
The kobold looks frightened! x3
The kobold brigand looks frightened!
The kobold looks frightened! x5
The kobold brigand looks frightened!
The kobold looks frightened!
* * * LOW HITPOINT WARNING * * *
You feel extremely sick.
The kobold mumbles, "Damn and blast!"
The kobold brigand blubbers, "Help meeeeeeee!"
The kobold prays for help.
Okay, then.
Unknown command.
You barely miss the kobold.
* * * LOW HITPOINT WARNING * * *
You feel extremely sick.
The kobold brigand shouts!
The kobold prays for help.
The kobold yells at you, "GO AWAY!"
Unknown command.
You feel very sick.
The kobold brigand howls, "Help!"
You feel very sick.
The kobold brigand prays for help.
You feel very sick.
The kobold brigand throws a curare-tipped dart.
The curare-tipped dart hits you.
You are lethally poisoned!
You have difficulty breathing.
* * * LOW HITPOINT WARNING * * *
You feel as though you will be slow longer.
Okay, then.
Okay, then.
Okay, then.
Okay, then.
Really quaff the potion of mutation?
You feel extremely strange.
The antennae on your head grow some more.
The antennae on your head shrink a bit.
You feel resistant to poisons.
You die...

.~~.......~~.
##~~.......~~###
..~~.......~~..
##K~..K....~~###.#
..~~......(~~....#
#~~.......~~#
#~.......~##
####...#### #..@#
#...# #...#
##'''## ##..∩..##
#.......#
#...∩...#
##.....## #######


You could see a kobold brigand and a kobold (fleeing).

Vanquished Creatures
  3 yaks (D:6)
  A water moccasin (D:6)
  A sky beast (D:7)
  2 black bears (D:6)
  4 ogres
  A phantom (D:6)
  Blork the orc (D:4)
  2 bullfrogs (D:6)
  4 necrophages
  2 scorpions
  3 wights (D:7)
  5 hounds
  A jelly (D:4)
  An orc priest (D:5)
  3 iguanas
  Ijyb (D:3)
  4 orc wizards
  Robin (D:4)
  3 gnolls (D:5)
  7 adders
  3 ufetubi
  6 worms
  4 dart slugs
  12 orcs
  2 ball pythons
  4 bats
  An endoplasm (D:2)
  3 giant cockroaches
  12 goblins
  8 hobgoblins
  4 jackals
  6 kobolds
  2 quokkas
  2 frilled lizards
  8 rats
127 creatures vanquished.

Vanquished Creatures (others)
  5 fungi (D:6)
5 creatures vanquished.

Grand Total: 132 creatures vanquished

Notes
Turn   | Place    | Note
-------+----------+-------------------------------------------
     0 | D:1      | Newt the Demonspawn Gladiator began the quest for the Orb.
     0 | D:1      | Reached XP level 1. HP: 16/16 MP: 1/1
    93 | D:1      | Reached skill level 1 in Stealth
   428 | D:1      | Gained mutation: When seriously injured, your blood forms
                  | armour. (AC +9) [demonic ancestry]
   428 | D:1      | Reached XP level 2. HP: 20/22 MP: 2/2
  1050 | D:2      | Gained mutation: You regenerate magic rapidly. [demonic
                  | ancestry]
  1050 | D:2      | Reached XP level 3. HP: 28/28 MP: 3/3
  1245 | D:3      | Noticed Ijyb
  1273 | D:3      | Killed Ijyb
  1274 | D:3      | Reached skill level 3 in Fighting
  1523 | D:3      | Reached XP level 4. HP: 18/37 MP: 4/4
  1905 | D:4      | Found a hide-covered altar of Uskayaw.
  1913 | D:4      | Noticed a necrophage
  1914 | D:4      | Noticed a necrophage
  1949 | D:4      | Killed a necrophage
  1950 | D:4      | Reached skill level 4 in Fighting
  1950 | D:4      | Reached XP level 5. HP: 25/42 MP: 5/5
  1958 | D:4      | Reached skill level 1 in Armour
  2212 | D:4      | Noticed Blork the orc
  2233 | D:4      | Killed Blork the orc
  2234 | D:4      | Gained mutation: You have a pair of small antennae on your
                  | head. [demonic ancestry]
  2234 | D:4      | Reached XP level 6. HP: 20/48 MP: 6/6
  2509 | D:4      | Noticed Robin
  2562 | D:4      | Killed Robin
  3028 | D:5      | Entered Level 5 of the Dungeon
  3028 | D:5      | Found an iron altar of Okawaru.
  3067 | D:5      | HP: 2/46 [gnoll/+0 halberd (4)]
  3188 | D:5      | Became a worshipper of Warmaster Okawaru
  3191 | D:5      | Found a blossoming altar of Fedhas.
  3274 | D:4      | Gained mutation: When seriously injured, your blood forms
                  | thick armour. (AC +9) [demonic ancestry]
  3274 | D:4      | Reached XP level 7. HP: 41/53 MP: 7/7
  3604 | D:5      | Identified the +9 flail "Westrolo" {freeze, *Corrode rN+
                  | Str+2}
  3709 | D:5      | Reached skill level 5 in Armour
  3728 | D:5      | Identified the +1 robe of Depression {Contam Rampage rCorr
                  | Archmagi}
  3779 | D:5      | Found a burning altar of Makhleb.
  4018 | D:5      | Reached skill level 1 in Maces & Flails
  4080 | D:5      | Reached * piety under Okawaru
  4233 | D:6      | Reached XP level 8. HP: 50/60 MP: 8/8
  4238 | D:6      | Reached skill level 9 in Fighting
  4238 | D:6      | Reached XP level 9. HP: 68/78 MP: 9/9
  4246 | D:6      | Reached skill level 1 in Evocations
  4344 | D:6      | Reached ** piety under Okawaru
  4510 | D:6      | Found an ornate altar of the Wu Jian Council.
  4813 | D:6      | Identified the +0 robe of Impressiveness {Drain rF++ Will+
                  | Archmagi}
  5014 | D:6      | Reached skill level 5 in Evocations
  5478 | D:7      | Found Jiazeusa's Assorted Antiques.
  5494 | D:7      | Reached *** piety under Okawaru
  5548 | D:7      | Bought a scroll of identify for 42 gold pieces
  5548 | D:7      | Bought a scroll of identify for 42 gold pieces
  5548 | D:7      | Bought a scroll of identify for 42 gold pieces
  5687 | D:7      | Found a flagged portal.
  5704 | Bailey   | Entered a bailey
  5724 | Bailey   | HP: 1/78 [asphyx]
  5725 | Bailey   | Gained mutation: You have a pair of antennae on your head.
                  | [potion of mutation]
  5725 | Bailey   | Lost mutation: You have a pair of antennae on your head.
                  | [potion of mutation]
  5725 | Bailey   | Gained mutation: Your system is resistant to poisons.
                  | (rPois) [potion of mutation]
  5725 | Bailey   | Succumbed to a kobold brigand's curare-tipped dart

Illustrated notes

Levels and vault maps discovered:
D:1:      evilmike_arrival_crescent, layout_basic
D:2:      layout_rooms
D:3:      layout_rooms, uniq_ijyb
D:4:      layout_rooms, eat_drink_and_be_merry_uskayaw, uniq_blork_the_orc,
          uniq_robin
D:5:      layout_basic, mainiacjoe_overflow_large_starburst,
          general_overflow_altar, nicolae_wormholes
D:6:      layout_basic, mainiacjoe_overflow_boulevard, amcnicky_mini_pool_small,
          grunt_ministairs_2
D:7:      layout_basic, minmay_temple_entry_enclosed_plants, enter_bailey_6,
          serial_shops, shop
Bailey:   bailey_axe_3, bailey

Skill      XL: |  1  2  3  4  5  6  7  8  9 |
---------------+----------------------------+-----
Stealth        | 1 2 |  2.0
Fighting       | 3 4 9 |  9.6
Short Blades   | 3 4 |  4.0
Armour         | 2 4 6 |  6.4
Maces & Flails | 3 8 |  8.7
Evocations     | 5 |  5.0
Throwing       | |  1.7
Dodging        | |  2.6

Action                   |  1- 3 |  4- 6 |  7- 9 || total
-------------------------+-------+-------+-------++-------
Melee: Rapier            |   128 |   143 |       ||   271
       Punch             |     1 |     2 |     2 ||     5
       Flail             |       |       |   133 ||   133
 Fire: Sling             |       |    54 |    37 ||    91
Throw: Throwing net      |     1 |     3 |       ||     4
       Dart              |     1 |       |       ||     1
       Javelin           |       |     1 |       ||     1
Evoke: Wand              |       |     4 |       ||     4
  Use: Scroll            |     4 |     1 |    11 ||    16
       Potion            |       |     7 |     2 ||     9
 Stab: Sleeping          |     4 |       |       ||     4
       Held in net/web   |       |     4 |       ||     4
Armor: Leather armour    |    45 |     2 |       ||    47
       Crystal plate arm |       |   301 |   145 ||   446
Dodge: Dodged            |   102 |    33 |    30 ||   165

Table legend: (Time is in decaauts)
 A = Elapsed time spent in this place.
 B = Non-inter-level travel time spent in this place.
 C = Inter-level travel time spent in this place.
 D = Time resting spent in this place.
 E = Time spent auto-exploring this place.
 F = Levels seen in this place.
 G = Mean time per level.
                   A        B        C        D        E       F      G
               +--------+--------+--------+--------+--------+-----+--------+
         Total |   5872 |   5702 |    170 |   1344 |   3156 |   8 |  734.0 |
       Dungeon |   5849 |   5679 |    170 |   1344 |   3151 |   7 |  835.6 |
        Bailey |     22 |     22 |      0 |      0 |      5 |   1 |   22.0 |
               +--------+--------+--------+--------+--------+-----+--------+

Top non-repeatable levels by time:
     D:4: 1376 daAuts
     D:5: 1082 daAuts
     D:6: 1040 daAuts
     D:1: 852 daAuts
     D:3: 656 daAuts
     D:7: 442 daAuts
     D:2: 399 daAuts
  Bailey: 22 daAuts
